Map: [ESL] Alcyone

Players

Future

  • Race: Terran Terran
  • Spawn Location: 1:00

Scarlett - Winner!

  • Race: Zerg Zerg
  • Spawn Location: 7:00

Event: ESL SC2 Masters 2023 Winter (Regional)

VOD

Have the link to the VOD?

Description

Time

  • Played on: Oct. 29, 2023, 12:58 p.m.
  • Length: 11:27

All games in this series

Show
View Real Time Build Order
Export as new Build Order

Future Terran 

Build Orders:  

Get SALT Encoding   

  12  0:00  SCV  
  13  0:12  SCV  
  14  0:17  Supply Depot  
  14  0:24  SCV  
  15  0:39  SCV  
  15  0:40  Barracks  
  16  0:51  SCV  
  17  1:03  SCV  
  18  1:15  SCV  
  18  1:17  Command Center  
  19  1:27  Orbital Command  
  19  1:29  Marine  
  20  1:38  Refinery  
  20  1:43  Supply Depot  
  20  1:47  Marine  
  20  1:53  SCV  
  22  2:02  Barracks  
  22  2:05  Marine  
  22  2:07  SCV  
  24  2:19  Barracks, SCV  
  25  2:24  Barracks Reactor  
  25  2:30  Orbital Command  
  25  2:32  SCV  
  26  2:44  SCV  
  26  2:47  Barracks  
  26  2:50  Barracks Tech Lab  
  27  2:56  SCV x2  
  29  3:00  Marine  
  29  3:01  Marine  
  31  3:05  Supply Depot  
  31  3:08  SCV x2  
  31  3:10  Stimpack  
  31  3:12  Marine  
  33  3:13  Marine  
  33  3:19  Marine x2  
  37  3:20  SCV  
  37  3:22  SCV  
  39  3:28  Supply Depot  
  39  3:31  Barracks Tech Lab  
  39  3:32  SCV  
  41  3:34  SCV  
  41  3:35  Marine x2  
  41  3:36  Marine  
  41  3:38  Marine  
  45  3:44  SCV  
  45  3:46  Supply Depot, SCV  
  47  3:51  Combat Shield  
  47  3:52  Marine x2  
  47  3:53  Marine  
  47  3:54  Marine  
  51  3:56  SCV, Marine  
  51  3:58  SCV  
  51  4:01  Supply Depot  
  54  4:08  SCV  
  55  4:10  SCV, Marine x2  
  55  4:11  Marine  
  55  4:12  Marine  
  55  4:13  Marine  
  61  4:19  Refinery  
  61  4:20  Refinery  
  61  4:24  SCV x2  
  61  4:25  Supply Depot  
  61  4:28  Marine x3  
  61  4:29  Engineering Bay  
  61  4:30  Marine  
  67  4:31  Marine  
  67  4:36  SCV  
  67  4:37  SCV  
  70  4:40  Factory  
  70  4:48  SCV  
  70  4:49  SCV  
  70  4:50  Barracks Reactor  
  70  4:51  Marine x3  
  75  4:52  Marine  
  75  4:59  Terran Infantry Weapons Level 1, Supply Depot  
  76  5:00  Supply Depot  
  76  5:02  SCV x2  
  78  5:09  Marine x3, Refinery  
  78  5:10  Marine  
  78  5:14  SCV x2  
  84  5:22  Supply Depot x2  
  84  5:26  Marine  
  84  5:27  Marine x2  
  87  5:29  Marine  
  87  5:30  Marine  
  87  5:32  Starport  
  81  5:47  Marine x2  
  81  5:48  Command Center  
  82  5:52  Siege Tank  
  82  5:56  Barracks Reactor  
  85  5:57  Marine  
  85  6:01  Marine  
  87  6:04  Marine  
  87  6:10  Marine x2  
  90  6:18  Supply Depot  
  90  6:22  Marine  
  90  6:24  Siege Tank, Medivac x2, Barracks Reactor  
  98  6:28  Marine x2  
  100  6:35  Supply Depot, Marine x2  
  102  6:40  Marine  
  102  6:46  Marine  
  104  6:52  Marine x2  
  104  6:53  Terran Infantry Armor Level 1  
  106  6:54  Medivac x2  
  106  6:56  Siege Tank  
  106  6:59  Marine x2  
  106  7:00  Marine  
  116  7:02  Marine  
  116  7:04  Marine  
  116  7:05  SCV x2  
  120  7:17  SCV, Marine  
  120  7:18  Marine  
  120  7:19  Marine  
  120  7:20  Marine  
  125  7:28  Marine  
  125  7:29  Siege Tank  
  129  7:34  SCV  
  129  7:35  Orbital Command, SCV  
  131  7:40  Medivac x2  
  131  7:42  Supply Depot  
  135  7:46  Marine x2  
  135  7:47  Marine x5  
  142  7:51  SCV  
  133  8:04  Marine x2  
  133  8:05  Marine x5  
  108  8:12  Siege Tank  
  92  8:22  Marine x3  
  92  8:23  Marine x4  
  92  8:27  Medivac x2  
  97  8:34  SCV x3  
  97  8:40  Marine x3  
  97  8:41  Marine x4  
  107  8:43  Armory, Engineering Bay  
  107  8:48  Barracks  
  107  8:49  Siege Tank  
  107  8:53  Factory  
  110  8:57  Marine  
  110  8:58  SCV x3, Marine x4  
  118  9:06  Marine  
  119  9:10  SCV x2  
  119  9:14  Command Center  
  121  9:21  SCV  
  121  9:22  Siege Tank, SCV  
  121  9:23  SCV  
  127  9:29  Marine x3  
  127  9:30  Marine x4  
  133  9:38  Refinery  
  133  9:40  Refinery  
  133  9:48  Marine  
  133  9:50  Marine x4  
  133  9:51  Sensor Tower  
  138  9:55  Factory Reactor  
  135  10:02  Marine x2  
  135  10:06  Marine  
  134  10:07  Widow Mine  
  134  10:08  Marine x4  
  106  10:22  Marine  
  106  10:23  Marine  
  106  10:24  Marine  
  106  10:26  Marine x2  
  106  10:28  Marine  
  111  10:33  Barracks Tech Lab  
  111  10:36  Barracks x2  
  111  10:37  Barracks  
  111  10:39  SCV x3  
  114  10:46  Marauder, Marine x2  
  118  10:51  SCV x2  
  118  10:52  SCV  
  118  10:56  Ghost Academy  
  121  11:00  Missile Turret  
  121  11:01  Sensor Tower  
  121  11:06  Marine, Marauder  
  121  11:07  Marine x5  
Show
View Real Time Build Order
Export as new Build Order

Scarlett Zerg - Winner!

Build Orders: Hatch First 

Get SALT Encoding   

  12  0:00  Drone  
  13  0:12  Overlord  
  13  0:16  Drone  
  14  0:30  Drone x2  
  16  0:47  Hatchery  
  15  0:50  Drone  
  15  0:54  Drone  
  17  0:57  Drone  
  18  1:08  Extractor  
  17  1:12  Spawning Pool  
  17  1:15  Drone  
  17  1:19  Drone  
  18  1:28  Drone  
  19  1:39  Drone  
  20  1:50  Drone  
  21  1:59  Queen x2  
  25  2:01  Zergling x4  
  27  2:11  Drone  
  27  2:12  Overlord  
  28  2:23  Overlord  
  28  2:33  Hatchery  
  28  2:36  Drone  
  28  2:39  Overlord  
  28  2:41  Queen  
  30  2:47  Metabolic Boost  
  30  2:50  Drone x2  
  32  2:59  Drone x3  
  35  3:08  Drone x4  
  39  3:14  Queen  
  39  3:18  Overlord  
  41  3:22  Drone x2  
  43  3:35  Queen  
  43  3:37  Drone x3  
  43  3:40  Drone x2  
  50  3:45  Drone  
  50  3:46  Drone x2  
  50  3:48  Queen  
  55  3:53  Queen  
  57  3:56  Overlord  
  57  3:59  Drone  
  58  4:06  Overlord  
  58  4:16  Drone x7  
  64  4:18  Overlord  
  64  4:22  Overlord  
  64  4:23  Queen, Overlord  
  66  4:27  Queen  
  68  4:32  Zergling x6  
  68  4:35  Zergling x2  
  68  4:36  Zergling x2  
  73  4:42  Zergling x4  
  75  4:47  Zergling x2  
  75  4:52  Zergling x8  
  82  4:55  Lair  
  82  4:59  Baneling Nest  
  79  5:01  Extractor  
  79  5:05  Zergling x2  
  79  5:06  Zergling x14, Hatchery  
  85  5:15  Evolution Chamber  
  85  5:17  Overlord  
  85  5:19  Queen x2  
  88  5:24  Zergling x10  
  93  5:30  Overlord  
  93  5:31  Drone x4  
  96  5:40  Drone x4  
  83  5:43  Drone x2, Zerg Ground Armor Level 1  
  85  5:50  Drone x3  
  85  5:53  Evolution Chamber  
  85  5:54  Drone x4  
  91  6:01  Centrifugal Hooks  
  91  6:03  Drone x5  
  96  6:05  Extractor  
  96  6:06  Extractor  
  96  6:08  Zergling x4  
  94  6:12  Zergling x2  
  94  6:15  Queen  
  97  6:21  Zergling x2  
  97  6:22  Zergling x12  
  104  6:28  Zergling x12  
  104  6:32  Hatchery  
  109  6:33  Zerg Melee Weapons Level 1  
  109  6:40  Drone x5  
  114  6:50  Drone x4  
  118  6:55  Zergling x2  
  118  6:59  Overlord x2  
  118  7:00  Overlord x2  
  118  7:01  Zergling x2  
  119  7:09  Baneling  
  119  7:10  Baneling x18  
  119  7:13  Overlord x3  
  119  7:18  Zergling x8  
  123  7:24  Zergling x14  
  123  7:25  Hatchery  
  123  7:28  Zergling x10  
  134  7:30  Zergling x4  
  134  7:33  Zergling x6  
  138  7:39  Zergling x2  
  138  7:42  Zergling x6  
  142  7:48  Zergling x14  
  149  7:51  Zergling x6  
  149  7:55  Zergling x2  
  149  7:56  Zergling x8  
  145  8:03  Drone x3  
  136  8:10  Zergling x6  
  127  8:15  Zergling x4  
  127  8:16  Hydralisk Den  
  127  8:17  Zergling x16  
  127  8:19  Zerg Ground Armor Level 2  
  125  8:24  Zergling x10  
  121  8:29  Zergling x4  
  121  8:33  Zerg Melee Weapons Level 2  
  117  8:34  Zergling x6  
  117  8:35  Hatchery  
  117  8:36  Infestation Pit  
  117  8:38  Zergling x2  
  117  8:39  Zergling x4  
  122  8:46  Zergling x18  
  122  8:47  Baneling x8  
  131  8:52  Zergling x20  
  141  9:05  Zergling x16  
  141  9:07  Spore Crawler  
  148  9:10  Drone  
  148  9:11  Drone x2  
  148  9:16  Infestor x3, Hive  
  153  9:19  Burrow  
  153  9:21  Zergling x2  
  153  9:22  Zergling x16  
  166  9:26  Zergling x10  
  167  9:34  Baneling x10  
  167  9:36  Overlord x2  
  167  9:40  Zergling x10  
  167  9:41  Spore Crawler, Overlord  
  171  9:51  Zergling x22  
  174  10:00  Zergling x22  
  174  10:04  Baneling x10  
  175  10:07  Zergling x6  
  166  10:26  Drone x9  
  166  10:28  Zergling x18  
  184  10:32  Baneling x4  
  184  10:33  Hatchery  
  183  10:36  Baneling x15  
  183  10:44  Extractor, Drone x2  
  183  10:45  Drone x4, Extractor  
  183  10:46  Drone x4  
  183  10:49  Zergling x8  
Tags
 
Add a new tag
Caveats
  • Supply blocks, unpowered buildings, or Contaminate may cause inaccurate times.
  • Supply counts are checked every 10 seconds.